 Dungeon Crawl Stone Soup version 0.19-a0-1021-g80cc50c (webtiles) character file.

584 epen the Poker (level 7, -5/55 HPs)
             Began as a Merfolk Chaos Knight on July 27, 2016.
             Killed by nerve-wracking pain
             ... invoked by Menkaure
              (14 damage)
             ... on level 4 of the Dungeon.
             The game lasted 00:06:29 (3561 turns).

epen the Poker (Merfolk Chaos Knight)               Turns: 3561, Time: 00:06:29

Health: -5/55      AC: 11    Str: 14    XL:     7   Next: 37%
Magic:  8/8        EV: 14    Int: 12    God:    Xom [..*...]
Gold:   173        SH:  0    Dex: 15    Spells: 0 memorised, 6 levels left

rFire  . . .     SeeInvis .     a - +0 spear (chaos)
rCold  . . .     Gourm    .     b - +2 leather armour
rNeg   + . .     Faith    .     (no shield)
rPois  +         Spirit   .     A - +2 helmet of Greater Demons {rN+}
rElec  .         Dismiss  .     h - +1 cloak
rCorr  .         Reflect  .     f - +0 pair of gloves
SustAt .         Harm     .     (no boots)
MR     .....                    (no amulet)
Stlth  +.........               (no ring)
                                B - ring of poison resistance

@: not resistant to hostile enchantments, very unstealthy
A: change form in water, swift swim, agile 1
a: Renounce Religion


You were on level 4 of the Dungeon.
You worshipped Xom.
You were a toy of Xom.
You were not hungry.

You visited 1 branch of the dungeon, and saw 4 of its levels.

You collected 173 gold pieces.

Inventory:

Hand Weapons
 a - a +0 spear of chaos (weapon)
Armour
 b - a +2 leather armour (worn)
 f - a +0 pair of gloves (worn)
 h - a +1 cloak (worn)
 A - the +2 helmet of Greater Demons (worn) {rN+}
   (You took it off Robin on level 4 of the Dungeon)

   It protects you from negative energy.
 C - a +0 leather armour
Jewellery
 B - a ring of poison resistance (left hand)
Wands
 o - a wand of lightning (7/15)
 y - a wand of slowing (26/48)
Scrolls
 j - a scroll of immolation {unknown}
 k - a scroll of random uselessness
 l - a scroll of noise
 m - 2 scrolls of remove curse
 q - a scroll of enchant weapon {unknown}
Potions
 e - a potion of mutation
 g - 2 potions of degeneration
 i - 2 potions of might
 r - a potion of cure mutation
 x - a potion of invisibility
Comestibles
 c - 3 bread rations
 d - 4 chunks of flesh
 n - a beef jerky
 p - 2 fruits
 v - a slice of pizza


   Skills:
 + Level 4.8 Fighting
 * Level 7.7 Polearms
 * Level 2.9 Armour
 + Level 4.5 Dodging
 + Level 1.8 Evocations


You had 6 spell levels left.
You didn't know any spells.

Dungeon Overview and Level Annotations

Branches:
Dungeon (4/15)
 Temple: D:4-7

Altars:
Pakellas
Trog
Xom
The Shining One

Annotations:
D:4 Edmund, Menkaure


Innate Abilities, Weirdness & Mutations

You revert to your normal form in water.
You are very nimble and swift while swimming.
You are agile. (Dex +2)


Message History

You hit Menkaure but do no damage.
Menkaure flickers and vanishes!
Deactivating autopickup; reactivate with Ctrl-A.
Something calls on the powers of darkness!
Your body is wracked with pain!
No target in view!
No target in view!
No target in view!
You completely miss something. Something hits you.
You closely miss something. Something hits you.
You hit something. Something hits you!
* * * LOW HITPOINT WARNING * * *
You feel better.
You hear some strange, mumbled words.
Pain shoots through your body!
* * * LOW HITPOINT WARNING * * *
Something calls on the powers of darkness!
Your body is wracked with pain!
* * * LOW HITPOINT WARNING * * *
Pain shoots through your body!
You die...

....##.# #.# #.# #.
###.##.# #.# #.# #.
#.##.# ##.#######.# #.
#.##.# #..........# #.
#.##.# #..######### #.
#.##.# #..# #.
###.##.###..# ######.
............###########.
.......
######..........@.......
####### #
####.#.############ # #
#.#.....# # # #.#####.#
# # #.# #.# # ## #.# #.#
# .### #.# #.# #
...######.# #.# #
##........# #.# ###


There were no monsters in sight!

Vanquished Creatures
  Sigmund (D:4)
  A scorpion (D:4)
  A howler monkey (D:4)
  2 orc wizards (D:3)
  A quasit (D:4)
  A hound (D:4)
  An iguana (D:4)
  A hound skeleton (D:4)
  Robin (D:4)
  8 adders
  2 oozes
  4 worms
  A dart slug (D:1)
  2 giant geckos
  4 orcs
  4 giant cockroaches
  18 goblins
  11 hobgoblins
  6 jackals
  A quokka (D:4)
  2 ball pythons
  7 bats
  A giant newt (D:4)
  9 kobolds
  6 rats
96 creatures vanquished.

Vanquished Creatures (others)
  An orc (D:3)
1 creature vanquished.

Grand Total: 97 creatures vanquished

Notes
Turn   | Place    | Note
-------+----------+-------------------------------------------
     0 | D:1      | epen the Merfolk Chaos Knight began the quest for the Orb.
     0 | D:1      | Reached XP level 1. HP: 18/18 MP: 1/1
   286 | D:1      | Reached XP level 2. HP: 22/24 MP: 2/2
   340 | D:1      | Reached skill level 1 in Armour
   361 | D:1      | Reached skill level 5 in Polearms
   371 | D:1      | Reached XP level 3. HP: 24/29 MP: 3/3
  1007 | D:2      | Reached XP level 4. HP: 37/37 MP: 4/4
  1039 | D:2      | Found a bloodstained altar of Trog.
  1178 | D:2      | Found a glowing golden altar of the Shining One.
  1189 | D:2      | Found an oddly glowing altar of Pakellas.
  1413 | D:3      | XOM: divination: magic mapping
  1414 | D:3      | Reached skill level 6 in Polearms
  1420 | D:3      | XOM: summons friendly iron imp
  1433 | D:3      | Reached XP level 5. HP: 30/42 MP: 5/5
  1812 | D:3      | XOM: snakes to sticks
  2259 | D:4      | XOM: potion effect (invisibility)
  2274 | D:4      | Reached XP level 6. HP: 44/49 MP: 6/6
  2299 | D:4      | Noticed Grinder
  2306 | D:4      | Noticed Grinder
  2306 | D:4      | Grinder changed into Grinder the quasit
  2306 | D:4      | XOM: polymorph Grinder -> Grinder the quasit
  2319 | D:4      | Killed Grinder the quasit
  2319 | D:4      | Reached skill level 7 in Polearms
  2319 | D:4      | Reached skill level 1 in Evocations
  2326 | D:4      | XOM: scenery: create altars
  2357 | D:4      | Noticed Robin
  2361 | D:4      | Killed Robin
  2390 | D:4      | Got a scorched helmet
  2396 | D:4      | Identified the +2 helmet of Greater Demons {rN+} (You took it off Robin on level 4 of the Dungeon)
  2560 | D:4      | XOM: 2-stop teleportation journey
  2587 | D:4      | XOM: enchant monster (good)
  2692 | D:4      | XOM: 3-stop teleportation journey
  2706 | D:4      | XOM: god gift: 19 sling bullets
  2765 | D:4      | Noticed Sigmund
  2771 | D:4      | Noticed Menkaure
  2771 | D:4      | XOM: cast spell 'Summon Butterflies'
  2773 | D:4      | Noticed Edmund
  2780 | D:4      | XOM: butterfly on damage
  2781 | D:4      | Gained mutation: Your mind is acute. (Int +2) [potion of mutation]
  2781 | D:4      | Gained mutation: You are agile. (Dex +2) [potion of mutation]
  2781 | D:4      | Lost mutation: Your mind is acute. (Int +2) [potion of mutation]
  2799 | D:4      | XOM: divination: detect items
  3219 | D:4      | Killed Sigmund
  3219 | D:4      | Reached XP level 7. HP: 43/55 MP: 8/8
  3543 | D:4      | XOM: divination: detect items
  3561 | D:4      | Killed from afar by Menkaure

Vault maps used:
D:1:      roderic_chinese_lattice_arrival
D:2:      grunt_pakellas_sulfur, lemuel_coloured_pillars_altar,
          tso_oasis_becter, mrwooster_statue_mirror
D:3:      first_bread
D:4:      uniq_grinder, uniq_robin, uniq_edmund, uniq_menkaure, uniq_sigmund

Skill      XL: |  1  2  3  4  5  6 |
---------------+-------------------+-----
Armour         | 1 2 |  2.9
Polearms       | 5 6 7 |  7.7
Dodging        | 3 4 |  4.5
Fighting       | 4 |  4.8
Evocations     | 1 |  1.8

Action                   |  1- 3 |  4- 6 |  7- 9 || total
-------------------------+-------+-------+-------++-------
Melee: Spear             |   126 |   299 |    24 ||   449
  Use: Scroll            |       |    10 |       ||    10
       Potion            |       |     3 |     1 ||     4
 Stab: Sleeping          |     2 |     2 |       ||     4
       Paralysed         |     3 |     1 |       ||     4
       Invisible         |       |     9 |       ||     9
       Confused          |       |     1 |       ||     1
       Petrified         |       |     4 |       ||     4
  Eat: Chunk             |       |     7 |       ||     7
       Meat ration       |       |     1 |       ||     1
Armor: Leather armour    |    31 |    59 |     1 ||    91
Dodge: Dodged            |    56 |   135 |     4 ||   195
